 Dungeon Crawl Stone Soup version 0.28.0-53-g5a82cb258f (console) character file.

Game seed: 15094494621083903622

9653 Hector the Thaumaturge (level 11, -6/81 HPs)
             Began as a Djinni Cinder Acolyte on Oct 12, 2022.
             Was a High Priest of Ignis.
             Mangled by a death yak (23 damage)
             ... on level 9 of the Dungeon.
             The game lasted 00:42:01 (12250 turns).

Hector the Thaumaturge (Djinni Cinder Acolyte)     Turns: 12250, Time: 00:42:02

Health: -6/81      AC:  7    Str: 13    XL:     11   Next: 78%
Gold:   616        EV: 13    Int: 20    God:    Ignis [*****.] SH:  0 Dex:  9

rFire   + + +      SeeInvis +   b - +2 trident (venom)
rCold   . . .      Faith    .   (no shield)
rNeg    . . .      Spirit   .   d - +0 troll leather armour
rPois   ∞          Reflect  .   h - +2 hat
rElec   .          Harm     .   e - scarf {repulsion}
rCorr   .          Rampage  .   g - +0 pair of gloves
Will    +....                   (boots unavailable)
Stlth   +.........              (no amulet)
HPRegen 1.03/turn               S - ring of see invisible
MPRegen 0.00/turn               C - ring of protection from cold

@: flying, repel missiles
A: sickness immunity, fire resistance 2, cold vulnerability 1, float, innate
caster, HP casting, extra vitality 1
a: Renounce Religion, Fiery Armour, Foxfire Swarm, Rising Flame


You were on level 9 of the Dungeon.
You worshipped Ignis.
Ignis was extremely pleased with you.
You visited 1 branch of the dungeon, and saw 10 of its levels.

You collected 616 gold pieces.

Inventory:

Hand Weapons
 a - a +0 spear of flaming
 b - a +2 trident of venom (weapon)
 i - a +0 vorpal hunting sling
 l - a +0 war axe
 w - a +0 whip of electrocution
 B - a +2 dagger of venom
 E - a +0 trident
 J - a +0 halberd of venom
 P - a +2 dagger of speed
Missiles
 f - 8 boomerangs
 k - 15 poisoned darts
 m - 2 curare-tipped darts
 o - 10 throwing nets
 t - 361 stones
Armour
 d - a +0 troll leather armour (worn)
 e - a scarf of repulsion (worn)
 g - a +0 pair of gloves (worn)
 h - a +2 hat (worn)
 F - the +0 ring mail of Summer {rF- rC++}
   (You found it on level 7 of the Dungeon)

   rF:        It makes you vulnerable to fire.
   rC:        It greatly protects you from cold.
 L - a +2 robe of willpower
 Q - +0 acid dragon scales
 R - a +1 robe
Magical Staves
 U - a staff of earth
Jewellery
 x - a +4 ring of protection
 C - a ring of protection from cold (right hand)
 O - a ring of protection from cold
 S - a ring of see invisible (left hand)
Wands
 c - a wand of flame (24)
 y - a wand of acid (11)
 T - a wand of polymorph (7)
Scrolls
 q - 3 scrolls of magic mapping
 r - 2 scrolls of blinking {unknown}
 s - 3 scrolls of enchant weapon
 v - 5 scrolls of teleportation
 A - a scroll of summoning
 D - a scroll of fear
 I - a scroll of silence {unknown}
 K - 2 scrolls of vulnerability {unknown}
 M - 2 scrolls of fog
 V - a scroll of identify
Potions
 j - 2 potions of curing
 n - 5 potions of heal wounds
 p - a potion of might
 u - 3 potions of lignification
 z - a potion of mutation
 G - 2 potions of attraction
 H - a potion of haste
 N - a potion of cancellation
Miscellaneous
 W - a box of beasts


   Skills:
 * Level 8.2 Fighting
 - Level 3.0 Polearms
 * Level 7.8 Dodging
 + Level 11.2 Spellcasting


You had 17 spell levels left.
You knew the following spells:

 Your Spells              Type           Power      Damage    Failure   Level
a - Pain                  Necr           100%       1d9       1%          1
b - Ensorcelled Hibernat  Hex/Ice        100%       N/A       1%          2
c - Scorch                Fire           100%       2d10      1%          2
d - Tukima's Dance        Hex            54%        N/A       1%          3
h - Hailstorm             Conj/Ice       54%        3d12      1%          4
t - Teleport Other        Tloc           54%        N/A       1%          3
Your spell library was empty.

Dungeon Overview and Level Annotations

Branches:
Dungeon (10/15)            Temple (0/1) D:7             Orc (0/2) D:9
   Lair: D:8-11

Altars:
Qazlal
Ru

Shops:
D:4 :=   D:5 (=[=   D:7 =

Annotations:
D:3 1 runed translucent door, Crazy Yiuf
D:5 3 runed translucent doors, safid's ghost, novice HOFi


Innate Abilities, Weirdness & Mutations

You are immune to sickness and miasma.
You are immune to poison.
Your flesh is very heat resistant. (rF++)
You are vulnerable to cold. (rC-)
You float through the air rather than walking.
You learn spells naturally, not from books.
Your magical power is your life essence.
You have superior vitality. (+4 MHP)


Message History

The death yak is moderately wounded.
The death yak gores you!
Unknown command.
Casting: Scorch (safe; 1% risk of failure)
Press: ? - help, Q - select action, (/) - cycle Dir - look around, f - activate Flames lash the death yak.
The death yak is burned terribly!
The death yak is moderately wounded.
The death yak barely misses you.
Unknown command.
Casting: Scorch (safe; 1% risk of failure)
Press: ? - help, Q - select action, (/) - cycle Dir - look around, f - activate Flames lash the death yak.
The death yak is burned terribly!
The death yak is heavily wounded.
The death yak closely misses you.
Unknown command.
Casting: Scorch (safe; 1% risk of failure)
Press: ? - help, Q - select action, (/) - cycle Dir - look around, f - activate Flames lash the death yak.
The death yak is heavily wounded.
The death yak gores you.
Unknown command.
Casting: Scorch (safe; 1% risk of failure)
Press: ? - help, Q - select action, (/) - cycle Dir - look around, f - activate Flames lash the death yak.
The death yak is burned terribly!
The death yak is severely wounded.
The death yak gores you.
Unknown command.
Casting: Scorch (safe; 1% risk of failure)
Press: ? - help, Q - select action, (/) - cycle Dir - look around, f - activate Flames lash the death yak.
The death yak is burned terribly!
The death yak is almost dead.
The death yak gores you!
* * * LOW HITPOINT WARNING * * *
Casting: Scorch (safe; 1% risk of failure)
Press: ? - help, Q - select action, (/) - cycle Dir - look around, f - activate Flames lash the death yak.
The death yak is burned terribly!
The death yak is almost dead.
* * * LOW HITPOINT WARNING * * *
The death yak gores you!!
You die...

## .# .#################
..)[...........Y@#
.#####'##.######## .#
#...#.# .# #...#.# ###
#...#.# ..# #...#.# #.#
#...#.#
#.####'##.##############
.(.....................#


You could see a death yak (combustible).

Vanquished Creatures
  Harold (D:8)
  A two-headed ogre (D:9)
  An ugly thing (D:10)
  A manticore (D:10)
  A troll (D:6)
  A wraith (D:5)
  11 yaks
  A wyvern (D:9)
  2 acid dragons
  2 water moccasins
  A hornet zombie (D:8)
  9 orc warriors
  A sky beast (D:7)
  An ice beast (D:6)
  4 ogres
  4 centaurs
  A phantom (D:5)
  2 kobold brigands (D:7)
  A bullfrog (D:8)
  2 gnoll sergeants
  A scorpion (D:4)
  A wyvern zombie (D:5)
  A water moccasin skeleton (D:5)
  10 killer bees
  3 wights
  4 howler monkeys
  3 centaur zombies
  3 jellies
  A bullfrog skeleton (D:5)
  5 hounds
  5 orc priests
  3 gnoll shamans
  A centaur skeleton (D:5)
  8 orc wizards
  2 iguanas
  2 hell rats
  A killer bee zombie (D:8)
  2 howler monkey zombies
  21 gnolls
  A howler monkey skeleton (D:7)
  5 adders
  A river rat (D:10)
  An ufetubus (D:6)
  An adder skeleton (D:4)
  4 worms
  A dart slug (D:4)
  25 orcs
  4 ball pythons
  2 endoplasms (D:1)
  4 giant cockroaches
  4 goblins
  3 hobgoblins (D:1)
  2 jackals (D:7)
  17 kobolds
  5 quokkas
  6 bats
  2 frilled lizards
  4 rats (D:1)
217 creatures vanquished.

Vanquished Creatures (collateral kills)
  An orc warrior (D:9)
  4 centaurs (D:7)
  A gnoll sergeant (D:7)
  An orc priest (D:9)
  An orc wizard (D:9)
  2 gnolls (D:7)
  A kobold (D:7)
11 creatures vanquished.

Vanquished Creatures (others)
  7 dancing weapons
  5 foxfires (D:1)
12 creatures vanquished.

Grand Total: 240 creatures vanquished

Notes
Turn   | Place    | Note
-------+----------+-------------------------------------------
     0 | D:1      | Hector the Djinni Cinder Acolyte began the quest for the
                  | Orb.
     0 | D:1      | Reached XP level 1. HP: 20/20 MP: 0/0
   157 | D:1      | Reached XP level 2. HP: 25/25 MP: 0/0
   674 | D:1      | Reached XP level 3. HP: 28/30 MP: 0/0
   674 | D:1      | Learned a level 1 spell: Pain
   826 | D:1      | Found a faded altar of an unknown god.
   974 | D:2      | Reached skill level 1 in Dodging
   989 | D:2      | Reached XP level 4. HP: 16/35 MP: 0/0
  2932 | D:3      | Reached skill level 3 in Spellcasting
  2960 | D:3      | Found a runed translucent door.
  2961 | D:3      | Noticed Crazy Yiuf
  3242 | D:3      | Reached XP level 5. HP: 37/41 MP: 0/0
  3242 | D:3      | Learned a level 2 spell: Ensorcelled Hibernation
  3841 | D:4      | Noticed an ogre
  3850 | D:4      | Killed an ogre
  3851 | D:4      | Reached XP level 6. HP: 32/47 MP: 0/0
  4002 | D:4      | Reached skill level 4 in Spellcasting
  4481 | D:4      | Found a stormy altar of Qazlal.
  4597 | D:4      | Found Simeipp's Jewellery Emporium.
  4701 | D:4      | Reached XP level 7. HP: 29/52 MP: 0/0
  4701 | D:4      | Learned a level 3 spell: Teleport Other
  4946 | D:4      | Found Rialleax's Book Shoppe.
  5513 | D:5      | Entered Level 5 of the Dungeon
  5784 | D:5      | Found Gexun's Armour Boutique.
  5798 | D:5      | Noticed a water moccasin
  5808 | D:5      | Killed a water moccasin
  5809 | D:5      | Reached skill level 5 in Spellcasting
  5945 | D:5      | Found Ythrol's Weapon Boutique.
  5981 | D:5      | Reached XP level 8. HP: 50/58 MP: 0/0
  6440 | D:5      | Found Teegaf's Jewellery Shop.
  6538 | D:5      | Found Imil Pae's Jewellery Emporium.
  6599 | D:5      | Reached skill level 5 in Fighting
  6748 | D:5      | Reached skill level 6 in Spellcasting
  6843 | D:5      | Found a runed translucent gate.
  6844 | D:5      | Found a runed translucent gate.
  6844 | D:5      | Found a runed translucent gate.
  6844 | D:5      | Noticed safid's ghost (novice HOFi)
  7342 | D:6      | Noticed a wraith
  7353 | D:5      | Killed a wraith
  7354 | D:5      | Reached XP level 9. HP: 31/65 MP: 0/0
  7354 | D:5      | Learned a level 3 spell: Tukima's Dance
  7517 | D:6      | Noticed a troll
  7523 | D:6      | Killed a troll
  7524 | D:6      | Reached skill level 7 in Spellcasting
  8317 | D:7      | Reached skill level 5 in Dodging
  8537 | D:7      | Reached skill level 8 in Spellcasting
  8633 | D:7      | Identified the +0 ring mail of Summer {rF- rC++}
  8659 | D:7      | Found Nuosi's Jewellery Emporium.
  8724 | D:7      | Found a staircase to the Ecumenical Temple.
  8831 | D:7      | Reached XP level 10. HP: 60/73 MP: 0/0
  9266 | D:8      | Noticed Harold
  9431 | D:8      | Reached skill level 9 in Spellcasting
  9537 | D:8      | Killed Harold
 10252 | D:9      | Reached skill level 10 in Spellcasting
 10252 | D:9      | Reached XP level 11. HP: 66/79 MP: 0/0
 10252 | D:9      | Learned a level 4 spell: Hailstorm
 10490 | D:9      | Noticed a two-headed ogre
 10494 | D:9      | Killed a two-headed ogre
 11221 | D:9      | Found a staircase to the Orcish Mines.
 11320 | D:10     | Entered Level 10 of the Dungeon
 11551 | D:10     | Noticed a manticore
 11563 | D:10     | Killed a manticore
 11635 | D:10     | Noticed a brown ugly thing
 11641 | D:10     | Killed a brown ugly thing
 11685 | D:10     | Reached skill level 11 in Spellcasting
 12121 | D:10     | Found a sacrificial altar of Ru.
 12154 | D:10     | Noticed a death yak
 12226 | D:10     | Noticed a death yak
 12227 | D:10     | Noticed a death yak
 12250 | D:9      | Mangled by a death yak

Illustrated notes

Levels and vault maps discovered:
D:1:      lightli_arrival_maybe_door_vault, layout_rooms,
          shapermc_ecumenical_altar_hornbeckon, minmay_misc_feat_tiny
D:2:      layout_basic
D:3:      layout_loops_corners, serial_bayou, serial_bayou_shore_a,
          serial_bayou_pond_d, serial_bayou_crossing, serial_bayou_shore_b,
          kennysheep_nondescript, mrwooster_statue_mirror, minmay_cut_off,
          uniq_crazy_yiuf_cottage
D:4:      layout_basic, serial_shops, shop, nicolae_shop_crystal,
          kennysheep_flooded_box, feat_on_display
D:5:      layout_basic, serial_shops, shop_fountains, shop,
          nicolae_stop_n_shop_1, nicolae_shop_stone, ebering_ghost_rock_garden,
          lightli_minifort
D:6:      layout_basic
D:7:      layout_cave_pools, lemuel_temple_firewalk_b, serial_gnoll_camp,
          gnoll_camp_mini_shop, gnoll_camp_medium_01, gnoll_camp_mini_sergeant,
          gnoll_camp_mini_house, centaur_isle
D:8:      layout_rooms, uniq_harold
D:9:      layout_basic, david_orc_4, chequers_garden
D:10:     layout_stronghold, mainiacjoe_overflow_six_doors_small,
          dpeg_lair_monsters

Skill      XL: |  1  2  3  4  5  6  7  8  9 10 11 |
---------------+----------------------------------+-----
Dodging        | 1 2 3 4 5 6 7 |  7.8
Spellcasting   | 3 4 5 6 8 10 11 | 11.2
Polearms       | 3 |  3.0
Fighting       | 4 5 6 7 8 |  8.2

Action                   |  1- 3 |  4- 6 |  7- 9 | 10-12 || total
-------------------------+-------+-------+-------+-------++-------
Melee: Spear             |    12 |       |       |     1 ||    13
       Punch             |     1 |       |       |       ||     1
 Cast: Scorch            |    26 |    56 |   150 |   249 ||   481
       Pain              |       |    27 |    10 |    13 ||    50
       Tukima's Dance    |       |       |    17 |    29 ||    46
       Hailstorm         |       |       |       |     4 ||     4
Invok: Foxfire Swarm     |     1 |       |       |       ||     1
  Use: Scroll            |       |     5 |    10 |     5 ||    20
Armor: Robe              |     1 |     9 |    13 |       ||    23
       Troll leather arm |       |       |     2 |    33 ||    35
Dodge: Dodged            |     4 |    13 |    52 |    80 ||   149
       Repelled          |       |     1 |     2 |     1 ||     4
